Map: Year Zero LE

Players

Bly - Winner!

  • Race: Zerg Zerg
  • Spawn Location: 11:00

DIMAGA

  • Race: Zerg Zerg
  • Spawn Location: 1:00

Event: 2019 WCS Spring

VOD

Have the link to the VOD?

Description

Time

  • Played on: May 17, 2019, 11:50 a.m.
  • Length: 4:27

All games in this series

Show
View Real Time Build Order
Export as new Build Order

Bly Zerg - Winner!

Build Orders: Hatch First, Roach Nydus 

Get SALT Encoding   

  12  0:01  Drone  
  13  0:13  Overlord  
  13  0:19  Drone  
  14  0:31  Drone x2  
  16  0:50  Hatchery  
  16  0:53  Drone  
  16  0:58  Drone  
  16  1:01  Drone  
  18  1:09  Extractor  
  17  1:18  Spawning Pool  
  16  1:21  Drone  
  16  1:24  Drone  
  18  1:33  Drone  
  19  1:43  Overlord  
  19  1:57  Drone  
  20  2:05  Queen, Zergling x4  
  24  2:11  Drone  
  24  2:13  Drone  
  26  2:16  Lair  
  27  2:22  Drone  
  27  2:24  Drone  
  27  2:29  Extractor  
  27  2:34  Drone  
  28  2:37  Drone  
  28  2:41  Queen  
  31  2:45  Drone  
  31  2:49  Overlord  
  32  3:01  Drone  
  32  3:02  Drone  
  32  3:03  Roach Warren  
  32  3:18  Nydus Network  
  31  3:22  Overlord  
  31  3:23  Queen  
  33  3:40  Evolution Chamber x2  
  31  3:45  Roach x3  
  31  3:47  Roach  
  39  3:51  Roach  
  41  4:01  Evolution Chamber  
  41  4:02  Roach  
  42  4:08  Nydus Canal  
  50  4:24  Nydus Canal  
Show
View Real Time Build Order
Export as new Build Order

DIMAGA Zerg 

Build Orders: Hatch First 

Get SALT Encoding   

  12  0:00  Drone  
  13  0:13  Overlord  
  13  0:18  Drone  
  14  0:31  Drone x2  
  16  0:49  Hatchery  
  15  0:53  Drone  
  15  0:56  Drone  
  17  0:59  Drone  
  18  1:10  Extractor  
  17  1:14  Spawning Pool  
  17  1:18  Drone  
  17  1:21  Drone  
  18  1:29  Drone  
  19  1:39  Drone  
  20  1:50  Drone  
  21  2:00  Overlord  
  21  2:01  Queen x2, Drone  
  26  2:11  Drone, Metabolic Boost  
  26  2:14  Drone  
  28  2:22  Drone  
  29  2:23  Drone  
  30  2:36  Hatchery  
  29  2:39  Zergling x2  
  29  2:41  Zergling x2  
  31  2:46  Overlord  
  31  2:53  Drone  
  32  2:59  Drone x2  
  33  3:14  Zergling x16  
  41  3:23  Roach Warren  
  40  3:28  Overlord  
  40  3:30  Drone  
  40  3:44  Zergling x2  
  40  3:46  Overlord  
  40  3:47  Extractor, Drone x3  
  43  3:48  Drone  
  43  3:49  Drone x3  
  43  3:55  Evolution Chamber  
Tags
 
Add a new tag
Caveats
  • Supply blocks, unpowered buildings, or Contaminate may cause inaccurate times.
  • Supply counts are checked every 10 seconds.